 Dungeon Crawl Stone Soup version 0.22-a0-866-geee5034 (webtiles) character file.

96 Johnny the Digger (level 4, -1/32 HPs)
             Began as a Human Earth Elementalist on July 28, 2018.
             Killed from afar by an orc wizard (2 damage)
             ... with a puff of flame
             ... on level 3 of the Dungeon.
             The game lasted 00:03:55 (2186 turns).

Johnny the Digger (Human Earth Elementalist)        Turns: 2186, Time: 00:03:56

Health: -1/32      AC:  2    Str:  8    XL:     4   Next: 98%
Magic:  7/8        EV: 13    Int: 16    God:
Gold:   45         SH:  0    Dex: 14    Spells: 8/9 levels left

rFire    + . .     SeeInvis .   h - +4 short sword (venom)
rCold    + . .     Gourm    .   (no shield)
rNeg     . . .     Faith    .   c - +0 robe
rPois    .         Spirit   .   (no helmet)
rElec    .         Reflect  .   e - scarf {rC+ rF+}
rCorr    .         Harm     .   (no gloves)
MR       .....                  (no boots)
Stlth    ++........             (no amulet)
HPRegen  0.10/turn              (no ring)
MPRegen  0.11/turn              (no ring)

@: no status effects
A: no striking features
a: no special abilities


You were on level 3 of the Dungeon.
You were very hungry.

You visited 1 branch of the dungeon, and saw 3 of its levels.

You collected 45 gold pieces.

Inventory:

Hand Weapons
 h - a +4 short sword of venom (weapon)
Missiles
 b - 92 stones (quivered)
Armour
 c - a +0 robe (worn)
 e - a scarf of resistance (worn)
Scrolls
 f - a scroll of immolation {unknown}
 g - a scroll of fog {unknown}
 j - 5 scrolls of teleportation {unknown}
 k - 2 scrolls of remove curse {unknown}
 m - a scroll of noise {unknown}
 o - 2 scrolls of magic mapping {unknown}
 p - 2 scrolls of identify {unknown}
Potions
 a - 2 potions of mutation {unknown}
 i - a potion of haste {unknown}
 l - 2 potions of might {unknown}
 n - 2 potions of lignification {unknown}
Comestibles
 d - 3 rations


   Skills:
 + Level 1.2 Fighting
 + Level 1.2 Armour
 + Level 2.4 Dodging
 - Level 2.0 Stealth
 * Level 3.0 Spellcasting
   Level 1.0 Transmutations
 * Level 3.7 Earth Magic


You had 8 spell levels left.
You knew the following spells:

 Your Spells              Type           Power        Failure   Level  Hunger
a - Sandblast             Erth           ##....       4%          1    #......

Your spell library contained the following spells:

 Spells                   Type           Power        Failure   Level  Hunger
 Stone Arrow              Conj/Erth      #.....       26%         3    ###....
 Passwall                 Tmut/Erth      ##......     11%         2    ##.....
 Lee's Rapid Deconstruct  Erth           ##........   75%         5    ######.
 Petrify                  Tmut/Erth      ##......     56%         4    #####..


Dungeon Overview and Level Annotations

Branches:
Dungeon (3/15)

Altars:
Fedhas
Gozag
Makhleb


Message History

The orc closely misses you.
Unknown command.
The orc barely misses you.
You hear some strange, mumbled words.
A puff of flame appears from out of thin air!
The puff of flame hits you! You resist.
* * * LOW HITPOINT WARNING * * *
The orc barely misses you. The orc hits you but does no damage.
The orc hits you from afar with a trident.
* * * LOW HITPOINT WARNING * * *
A puff of flame appears from out of thin air!
The puff of flame hits you! You resist.
* * * LOW HITPOINT WARNING * * *
A puff of flame appears from out of thin air!
The puff of flame hits you! You resist.
* * * LOW HITPOINT WARNING * * *
There is a stone staircase leading up here.
A puff of flame appears from out of thin air!
The puff of flame hits you! You resist.
You die...

#....####.#######............#
............................>..
#####...#.#######............##
....'....................##..#
#####...#.#....####..###.# ..#
...######.#....#####.###.# ..
...## #.#............#.# .....
#.#....#.....#.# ...#
........#@o.....# ...#
#.######.#....#.## ##.#
#.........# ##.# .....#....#..#
##.# #####.#....#..# ##.####..#
............ .........#
........##.#.. .._.####.#
......#####.#.#.# .......#.#
...... #.. . .


You could see an orc.

Vanquished Creatures
  3 adders
  An ooze (D:2)
  A dart slug (D:1)
  3 worms (D:2)
  A leopard gecko (D:2)
  An orc (D:3)
  5 giant cockroaches
  6 goblins
  5 hobgoblins
  8 kobolds
  A quokka (D:3)
  6 bats
  7 frilled lizards
  6 rats
54 creatures vanquished.

Notes
Turn   | Place    | Note
-------+----------+-------------------------------------------
     0 | D:1      | Johnny the Human Earth Elementalist began the quest for the Orb.
     0 | D:1      | Reached XP level 1. HP: 13/13 MP: 3/3
   175 | D:1      | Reached XP level 2. HP: 19/19 MP: 3/5
   781 | D:2      | Found an opulent altar of Gozag.
   788 | D:2      | Reached XP level 3. HP: 16/25 MP: 1/6
  1264 | D:2      | Reached skill level 1 in Armour
  1290 | D:2      | Reached XP level 4. HP: 22/31 MP: 5/8
  1419 | D:2      | Found a blossoming altar of Fedhas.
  1501 | D:2      | Reached skill level 1 in Fighting
  2021 | D:3      | Found a burning altar of Makhleb.
  2185 | D:3      | HP: 1/32 [something/puff of flame (5)]
  2186 | D:3      | Killed from afar by an orc wizard

Vault maps used:
D:1:      saegor_arrival_simple_e
D:2:      lemuel_round_altar, old_standard_altar, minmay_vboxes
D:3:      bloody_makhleb, gup_sewer_entry_bowl

Skill      XL: |  1  2  3  4 |
---------------+-------------+-----
Armour         | 1 |  1.2
Fighting       | 1 |  1.2
Spellcasting   | 3 |  3.0
Dodging        | |  2.4
Stealth        | |  2.0
Transmutations | |  1.0
Earth Magic    | |  3.7

Action                   |  1- 3 |  4- 6 || total
-------------------------+-------+-------++-------
Melee: Unarmed           |     8 |       ||     8
       Short sword       |    33 |    35 ||    68
 Cast: Sandblast         |    37 |    10 ||    47
 Stab: Sleeping          |     1 |     3 ||     4
  Eat: Chunk             |     1 |     2 ||     3
Armor: Robe              |    23 |     3 ||    26
Dodge: Dodged            |    44 |    34 ||    78

Table legend:
 A = Spawn XP
 B = Non-spawn XP
 C = Spawn XP percentage of total XP
 D = Spawn monster count
 E = Non-spawn monster count
 F = Spawn count percentage of total count
 G = Total turns spent on level
                    A         B        C        D         E        F      G
               +---------+---------+-------+---------+---------+-------+---------
         Total |       0 |     138 |   0.0 |       0 |      54 |   0.0 |  2186
               +---------+---------+-------+---------+---------+-------+---------
           D:1 |       0 |      25 |   0.0 |       0 |      16 |   0.0 |   729
           D:2 |       0 |      90 |   0.0 |       0 |      32 |   0.0 |  1286
           D:3 |       0 |      23 |   0.0 |       0 |       6 |   0.0 |   171
               +---------+---------+-------+---------+---------+-------+---------
